 Dungeon Crawl Stone Soup version 0.30.0-15-g856e2d3f33 (webtiles) character file.

Game seed: 560713162945368787

175 AlmostDecent the Chopper (level 5, 0/39 (45) HPs)
             Began as a Demigod Fighter on May 19, 2023.
             Slain by a gnoll
             ... wielding a +0 whip
             ... led by a gnoll bouda
              (4 damage)
             ... on level 4 of the Dungeon.
             The game lasted 00:08:50 (2406 turns).

AlmostDecent the Chopper (Demigod Fighter)          Turns: 2406, Time: 00:08:50

HP:   0/39 (45)     AC: 11    Str: 27    XL:     5   Next: 7%
MP:   7/7           EV:  8    Int: 10    God:
Gold: 129           SH:  4    Dex: 13    Spells: 4/4 levels left

rFire   . . .        a - +0 war axe
rCold   + . .        c - +0 buckler
rNeg    . . .        k - +0 chain mail
rPois   +            s - +1 helmet
rElec   .            h - scarf {repulsion}
rCorr   .            (no gloves)
SInv    .            (no boots)
Will    .....        (no amulet) Stlth
                     b - ring of Keutorph {+Blink rPois rC+}
HPRegen 0.26/turn    z - +6 ring of strength
MPRegen 0.10/turn

%: repel missiles
@: mighty, weakened, heavily drained
A: high MP 1, forlorn, divine attributes
a: Evoke Blink


You were on level 4 of the Dungeon.
You visited 1 branch of the dungeon, and saw 4 of its levels.

You collected 129 gold pieces.

Inventory:

Hand Weapons
 a - a +0 war axe (weapon)
 r - a +2 spear of venom
 y - the +1 hand axe "Lajaj" {flame, rF+ rCorr Str+2}
   (You found it on level 3 of the Dungeon)

   Str:       It affects your strength (+2).
   rF:        It protects you from fire.
   rCorr:     It protects you from acid and corrosion.
Armour
 c - a +0 buckler (worn)
 h - a scarf of repulsion (worn)
 k - a +0 chain mail (worn)
 s - a +1 helmet (worn)
Jewellery
 b - the ring of Keutorph (left hand) {+Blink rPois rC+}
   (You acquired it on level 3 of the Dungeon)

   [ring of protection from cold]

   rC:        It protects you from cold.
   rPois:     It protects you from poison.
   +Blink:    It lets you blink.
 e - a ring of flight
 z - a +6 ring of strength (right hand)
Wands
 q - a wand of iceblast (4)
 t - a wand of flame (20)
Scrolls
 g - 3 scrolls of amnesia
 i - 3 scrolls of enchant weapon
 m - 2 scrolls of enchant armour
Potions
 d - a potion of might
 o - 4 potions of curing
 p - a potion of lignification
 u - a potion of resistance
 v - a potion of haste
 w - 2 potions of cancellation


   Skills:
 + Level 3.3 Fighting
 * Level 3.7 Axes
 + Level 3.5 Armour
 + Level 0.4 Dodging
 + Level 2.9 Shields


You had 4 spell levels left.
You didn't know any spells.
Your spell library contained the following spells:

 Spells                   Type           Power      Damage    Failure   Level
 Tukima's Dance           Hex            0%         N/A       99%         3
 Passage of Golubria      Tloc           0%         N/A       100%        4
 Yara's Violent Unravell  Hex/Tmut       0%         3d3       100%        5


Dungeon Overview and Level Annotations

Branches:
Dungeon (4/15)
 Temple: D:4-7

Annotations:
D:4 Sigmund


Innate Abilities, Weirdness & Mutations

You have an increased reservoir of magic. (+10% MP)
You shall have no god before yourself.
Your divine heritage dramatically boosts your attributes as you level up.


Message History

The gnoll bouda calls upon its god to heal the gnoll.
The gnoll is healed somewhat.
The gnoll closely misses you.
The gnoll hits you with a +1 whip of draining.
You feel drained.
You hit the gnoll bouda.
The gnoll bouda is severely wounded.
You hit the gnoll but do no damage. The gnoll hits you but does no damage.
You block the gnoll's attack.
You feel very mighty all of a sudden.
The gnoll bouda hits you with a +0 whip.
The gnoll closely misses you.
The gnoll hits you with a +1 whip of draining.
You feel drained.
You closely miss the gnoll bouda.
The gnoll bouda is severely wounded.
You closely miss the gnoll. You barely miss the gnoll.
The gnoll bouda barks out a call to the hunt!
The gnolls pick up the pace!
The gnoll hits you but does no damage. x2
The gnoll hits you with a +1 whip of draining!
You feel drained. The gnoll closely misses you. You block the gnoll's attack.
The gnoll closely misses you.
The gnoll bouda gazes fiercely through you!
You feel your attacks grow feeble. The gnoll bouda completely misses you.
You closely miss the gnoll bouda.
The gnoll bouda is severely wounded.
You slash the gnoll! You closely miss the gnoll.
The gnoll bouda barely misses you. You block the gnoll's attack.
The gnoll hits you but does no damage.
You feel drained. The gnoll hits you but does no damage.
Sigmund the Dreaded comes into view.
He is wielding a +4 scythe of venom.
You slash the gnoll!
You kill the gnoll!
You closely miss the gnoll bouda. You hit the gnoll.
The gnoll bouda hits you but does no damage.
The gnoll hits you from afar with a +0 halberd!
* * * LOW HITPOINT WARNING * * *
The gnoll hits you with a +0 whip.
You die...

.##.#.#.#####.###
.@..............
##.#.#).###..#
##...†........####.#
#..........##.......#
..##.#.##....<..###.
# #.#............#
#.#.$..<###..#####
#..g@g.......#
###).#..###..#
#.g#..# ..# #..##...
..# ......###?.#
##..# ## .... ...#


You could see Sigmund, a gnoll bouda and 2 gnolls.

Vanquished Creatures
  Ijyb (D:3)
  Robin (D:3)
  2 gnolls
  4 adders
  3 worms (D:3)
  2 dart slugs (D:1)
  An orc (D:4)
  2 endoplasms (D:2)
  5 giant cockroaches
  12 goblins
  11 hobgoblins
  4 jackals (D:1)
  8 kobolds
  2 quokkas
  3 ball pythons
  5 bats
  3 frilled lizards
  11 rats
80 creatures vanquished.

Notes
Turn   | Place    | Note
-------+----------+-------------------------------------------
     0 | D:1      | AlmostDecent the Demigod Fighter began the quest for the
                  | Orb.
     0 | D:1      | Reached XP level 1. HP: 18/18 MP: 3/3
   181 | D:1      | Reached XP level 2. HP: 13/25 MP: 4/4
   487 | D:1      | Reached XP level 3. HP: 31/31 MP: 5/5
  1516 | D:3      | Reached XP level 4. HP: 21/38 MP: 6/6
  1719 | D:3      | Noticed a moth of wrath
  1975 | D:3      | Noticed Robin
  1982 | D:3      | Killed Robin
  2022 | D:3      | Noticed Ijyb
  2037 | D:3      | Killed Ijyb
  2139 | D:3      | Identified the +1 hand axe "Lajaj" {flame, rF+ rCorr Str+2}
  2159 | D:3      | Reached XP level 5. HP: 45/45 MP: 7/7
  2209 | D:3      | Identified a scroll of acquirement
  2209 | D:3      | Acquired the ring of Keutorph {+Blink rPois rC+}
  2405 | D:4      | Noticed Sigmund
  2406 | D:4      | Slain by a gnoll

Illustrated notes

Levels and vault maps discovered:
D:1:      roderic_crossed_star, layout_loops_corners,
          hellmonk_ecumenical_altar_lost_god, eino_curves_02
D:2:      layout_rooms, serial_corexii_hall, corexii_hall_statues_l,
          corexii_hall_statues_l, minmay_circle_x
D:3:      layout_basic, tgw_trog, fiery_altar_vehumet,
          mainiacjoe_overflow_catwalk_spiral, uniq_robin, uniq_ijyb
D:4:      layout_basic, nicolae_ru_sacrificial_ziggurat, zin_angel,
          uniq_sigmund, uniq_grinder, uniq_pikel

Skill      XL: |  1  2  3 |
---------------+----------+-----
Axes           | 2 3 |  3.7
Armour         | 3 |  3.5
Fighting       | 3 |  3.3
Dodging        | |  0.4
Shields        | |  2.9

Action                     |  1- 3 |  4- 6 || total
---------------------------+-------+-------++-------
  Melee: War axe           |   142 |    86 ||   228
    Use: Scroll            |       |    12 ||    12
         Potion            |       |     1 ||     1
 Armour: Scale mail        |    44 |       ||    44
         Chain mail        |    44 |    55 ||    99
  Dodge: Dodged            |    78 |    43 ||   121
         Repelled          |       |     1 ||     1
  Block: Buckler           |    38 |    22 ||    60
